 Dungeon Crawl Stone Soup version 0.23.2-1-ga50397a6bc (webtiles) character file.

Game seed: 4641024752343692009

33 Norn the Magician (level 3, 0/23 HPs)
             Began as an Octopode Wizard on May 15, 2019.
             Slain by a goblin
             ... wielding a +0 dagger
             ... led by Robin
              (5 damage)
             ... on level 2 of the Dungeon.
             The game lasted 00:03:46 (1379 turns).

Norn the Magician (Octopode Wizard)                 Turns: 1379, Time: 00:03:46

Health: 0/23       AC:  1    Str:  6    XL:     3   Next: 29%
Magic:  7/7        EV: 13    Int: 21    God:
Gold:   81         SH:  0    Dex: 10    Spells: 0/8 levels left

rFire    . . .     SeeInvis .   (no weapon)
rCold    . . .     Gourm    .   (no shield)
rNeg     . . .     Faith    .   a - +0 hat
rPois    .         Spirit   .   (no amulet)
rElec    .         Reflect  .   (no ring)
rCorr    .         Harm     .   (no ring)
MR       .....                  (no ring)
Stlth    +++.......             (no ring)
HPRegen  0.07/turn              (no ring)
MPRegen  0.10/turn              (no ring)
                                (no ring)
                                (no ring)

@: about to teleport
A: almost no armour, stealthy swim, amphibious, 8 rings, constrict 8, camouflage
1, gelatinous body 1
a: no special abilities


You were on level 2 of the Dungeon.
You were very hungry.

You visited 1 branch of the dungeon, and saw 2 of its levels.

You collected 81 gold pieces.

Inventory:

Armour
 a - a +0 hat (worn)
Jewellery
 j - an uncursed amulet of faith {unknown}
   (You found it on level 1 of the Dungeon)
Scrolls
 b - a scroll of amnesia {unknown}
 f - a scroll of enchant armour {unknown}
 l - 4 scrolls of identify {unknown}
 n - a scroll of immolation {unknown}
Potions
 c - 3 potions of degeneration {unknown}
 d - a potion of berserk rage {unknown}
 g - a potion of flight {unknown}
 i - a potion of curing {unknown}
 k - a potion of lignification {unknown}
 m - a potion of might {unknown}
Comestibles
 e - 4 rations {!d}


   Skills:
 + Level 1.4 Fighting
 - Level 2.0 Dodging
 - Level 2.6 Stealth
 - Level 3.0 Spellcasting
 * Level 2.6 Conjurations
 - Level 1.0 Summonings
 - Level 1.0 Translocations


You couldn't memorise any spells.
You knew the following spells:

 Your Spells              Type           Power        Failure   Level  Hunger
a - Magic Dart            Conj           ##..         4%          1    None
b - Blink                 Tloc           N/A          13%         2    ##.....
f - Mephitic Cloud        Conj/Pois/Air  #.......     28%         3    ###....
x - Call Imp              Summ           #.......     13%         2    ##.....

Your spell library contained the following spells:

 Spells                   Type           Power        Failure   Level  Hunger
 Slow                     Hex            #.......     21%         2    ##.....
 Conjure Flame            Conj/Fire      #.......     24%         3    ###....


Dungeon Overview and Level Annotations

Branches:
Dungeon (2/15)

Altars:

Annotations:
D:2 Robin


Innate Abilities, Weirdness & Mutations

You cannot wear most types of armour.
You are very stealthy in the water. (Stealth+)
You are amphibious.
You can wear up to eight rings at the same time.
You can use your tentacles to constrict eight enemies at once.
Your skin changes colour to match your surroundings (Stealth+).
Your rubbery body absorbs attacks. (AC +1, EV +1)


Message History

Memorise Call Imp, consuming 2 spell levels and leaving 5?
You start memorising the spell.
You continue memorising. x2
You finish memorising.
Spell assigned to 'x'.
Memorise Mephitic Cloud, consuming 3 spell levels and leaving 2?
You start memorising the spell.
You continue memorising. x3
You finish memorising.
Spell assigned to 'f'.
Memorise Blink, consuming 2 spell levels and leaving 0?
You start memorising the spell.
You continue memorising. x2
You finish memorising.
Spell assigned to 'b'.
A goblin comes into view.
It is wielding a +0 dagger. 3 goblins and a hobgoblin come into view.
The goblin shouts! x2; The hobgoblin shouts!
You hear a shout!
The goblin shouts! 3 goblins come into view.
The goblin shouts! x2
The goblin wields a +0 hunting sling.
The goblin shoots a stone.
The stone closely misses you.
A goblin comes into view.
You see here a stone.
Robin throws the goblin at you! The goblin closely misses you.
You closely miss the goblin. You grab the goblin. You constrict the goblin.
The goblin hits you.
You tentacle-slap the goblin. You constrict the goblin.
Robin says, "Bow before me, strongest of all the hobgoblins!"
Robin roars a battlecry!
The goblins go into a battle-frenzy!
The goblin hits you but does no damage. The goblin closely misses you.
You tentacle-slap the goblin.
You kill the goblin!
Robin throws the goblin at you! The goblin barely misses you.
You miss the goblin. Your grab misses the goblin. The goblin hits you.
The goblin hits you with a +0 dagger.
You tentacle-slap the goblin. You grab the goblin. You constrict the goblin.
The goblin closely misses you. x2
You tentacle-slap the goblin.
You kill the goblin!
Robin throws the goblin at you! The goblin hits you with a +0 dagger.
You barely miss the goblin. You grab the goblin. You constrict the goblin.
The goblin closely misses you. The goblin hits you but does no damage.
You tentacle-slap the goblin. You squeeze the goblin.
You kill the goblin!
Robin throws the goblin at you! The goblin hits you with a +0 club.
* * * LOW HITPOINT WARNING * * *
The goblin closely misses you.
As you read the scroll labeled ZOGREKEUBBUCUU, it crumbles to dust.
You feel strangely unstable.
It was a scroll of teleportation.
The goblin hits you with a +0 club.
* * * LOW HITPOINT WARNING * * *
The goblin hits you with a +0 dagger.
You die...

#..............#
#.###....###..####
#.# #.#### #..# #.
#.# #.# #..# #.
#.# #.# #..#
#.###.# #..#
#.#...# #..#
#g#.#.## #..#
#@#....#
#g#....###
#g....[).###
#gg.........
##.......##g
##...!### )....#
.#.#....
#.#....##.


You could see Robin and 4 goblins.

Vanquished Creatures
  2 dart slugs
  A leopard gecko (D:2)
  A bat (D:1)
  A giant cockroach (D:1)
  6 goblins
  2 hobgoblins
  3 frilled lizards
  7 kobolds
  3 rats (D:1)
26 creatures vanquished.

Notes
Turn   | Place    | Note
-------+----------+-------------------------------------------
     0 | D:1      | Norn the Octopode Wizard began the quest for the Orb.
     0 | D:1      | Reached XP level 1. HP: 11/11 MP: 4/4
   430 | D:1      | Reached XP level 2. HP: 18/18 MP: 3/6
   786 | D:1      | Reached skill level 1 in Fighting
  1183 | D:2      | Reached XP level 3. HP: 23/23 MP: 2/7
  1320 | D:2      | Noticed Robin
  1358 | D:2      | Learned a level 2 spell: Call Imp
  1362 | D:2      | Learned a level 3 spell: Mephitic Cloud
  1365 | D:2      | Learned a level 2 spell: Blink
  1379 | D:2      | Slain by a goblin

Skill      XL: |  1  2 |
---------------+-------+-----
Fighting       | 1 |  1.4
Conjurations   | 2 |  2.6
Dodging        | |  2.0
Stealth        | |  2.6
Spellcasting   | |  3.0
Summonings     | |  1.0
Translocations | |  1.0

Action                   || total
-------------------------++-------
Melee: Unarmed           ||    11
       Constrict         ||     4
       Tentacles         ||     2
 Cast: Magic Dart        ||    48
  Use: Scroll            ||     1
Armor: Skin              ||     5
Dodge: Dodged            ||    13
